 Dungeon Crawl Stone Soup version 0.29.1-1-gd02db6906a (webtiles) character file.

Game seed: 17149165773323781750

12943 Bloodgem the Blocker (level 11, 0/104 HPs)
             Began as a Minotaur Fighter on Oct 22, 2022.
             Was a High Priest of Okawaru.
             Slain by an orc warrior
             ... wielding a +0 glaive
              (23 damage)
             ... on level 2 of the Orcish Mines.
             The game lasted 00:22:33 (9386 turns).

Bloodgem the Blocker (Minotaur Fighter)             Turns: 9386, Time: 00:22:34

Health: 0/104      AC: 28    Str: 25    XL:     11   Next: 69%
Magic:  9/10       EV: 10    Int:  5    God:    Okawaru [*****.]
Gold:   1268       SH:  8    Dex: 10    Spells: 10/10 levels left

rFire   . . .      SeeInvis +   a - +0 war axe
rCold   + . .      Faith    .   c - +0 buckler
rNeg    . . .      Spirit   .   y - +3 chain mail "Zuruesew" {rC+ Will+ SInv}
rPois   .          Reflect  .   T - +1 hat
rElec   .          Harm     .   Q - +1 cloak {rCorr}
rCorr   +          Rampage  .   P - +0 pair of gloves
Will    +....                   D - +0 pair of boots
Stlth   ..........              v - amulet of regeneration
HPRegen 1.07/turn               h - +4 ring of protection
MPRegen 0.12/turn               b - +4 ring of slaying

@: heroic
A: horns 2, retaliatory headbutt
a: Renounce Religion, Heroism, Finesse, Duel


You were on level 2 of the Orcish Mines.
You worshipped Okawaru.
Okawaru was extremely pleased with you.
You visited 3 branches of the dungeon, and saw 13 of its levels.

You collected 1268 gold pieces.

Inventory:

Hand Weapons
 a - a +0 war axe (weapon)
 M - a +4 spear of flaming
Armour
 c - a +0 buckler (worn)
 y - the +3 chain mail "Zuruesew" (worn) {rC+ Will+ SInv}
   (You found it on level 3 of the Dungeon)

   rC:        It protects you from cold.
   SInv:      It lets you see invisible.
   Will:      It increases your willpower.
 D - a +0 pair of boots (worn)
 P - a +0 pair of gloves (worn)
 Q - a +1 cloak of preservation (worn)
 T - a +1 hat (worn)
Jewellery
 b - a +4 ring of slaying (right hand)
 h - a +4 ring of protection (left hand)
 v - an amulet of regeneration (around neck)
 F - an amulet of the acrobat
 I - a +4 ring of protection
 O - a ring of flight
 V - a ring of poison resistance
Wands
 B - a wand of light (4)
 C - a wand of mindburst (25)
 G - a wand of polymorph (3)
 H - a wand of flame (9)
 L - a wand of iceblast (10)
Scrolls
 i - 2 scrolls of noise {unknown}
 k - 2 scrolls of magic mapping {unknown}
 l - 10 scrolls of teleportation {unknown}
 m - 3 scrolls of vulnerability {unknown}
 n - 4 scrolls of amnesia {unknown}
 o - 2 scrolls of enchant armour {unknown}
 p - 9 scrolls of identify {unknown}
 r - a scroll of brand weapon {unknown}
 w - a scroll of torment {unknown}
 E - 4 scrolls of fear {unknown}
 J - a scroll of immolation {unknown}
 K - 2 scrolls of enchant weapon {unknown}
 N - a scroll of blinking {unknown}
 U - a scroll of fog {unknown}
 W - a scroll of poison {unknown}
Potions
 d - a potion of might
 e - 2 potions of ambrosia {unknown}
 f - 3 potions of berserk rage {unknown}
 g - 3 potions of curing {unknown}
 j - a potion of lignification {unknown}
 q - 2 potions of attraction {unknown}
 s - 3 potions of heal wounds {unknown}
 t - 2 potions of brilliance {unknown}
 u - 4 potions of haste
 x - a potion of magic {unknown}
 z - 2 potions of mutation {unknown}
 A - a potion of degeneration {unknown}
 R - a potion of invisibility {unknown}
 S - 2 potions of flight {unknown}


   Skills:
 + Level 11.9(16.9) Fighting
 + Level 11.5(16.5) Axes
 + Level 11.9(16.9) Armour
 + Level 11.9(16.9) Shields


You had 10 spell levels left.
You didn't know any spells.
Your spell library contained the following spells:

 Spells                   Type           Power      Damage    Failure   Level
 Ensorcelled Hibernation  Hex/Ice        0%         N/A       97%         2
 Passwall                 Tmut/Erth      0%         N/A       97%         2
 Static Discharge         Conj/Air       0%         3-3/arc   97%         2
 Sublimation of Blood     Necr           0%         N/A       97%         2
 Conjure Flame            Conj/Fire      0%         6-21      100%        3
 Ozocubu's Armour         Ice            0%         N/A       100%        3
 Portal Projectile        Hex/Tloc       0%         N/A       100%        3
 Swiftness                Air            0%         N/A       100%        3
 Hailstorm                Conj/Ice       0%         3d3       100%        4
 Leda's Liquefaction      Hex/Erth       0%         N/A       100%        4
 Petrify                  Tmut/Erth      0%         N/A       100%        4
 Fireball                 Conj/Fire      0%         3d3       100%        5
 Irradiate                Conj/Tmut      0%         3d11      100%        5
 Lightning Bolt           Conj/Air       0%         1d11      100%        5
 Metabolic Englaciation   Hex/Ice        0%         N/A       100%        5
 Starburst                Conj/Fire      0%         6d3       100%        6
 Ozocubu's Refrigeration  Ice            0%         4d7       100%        7
 Ignition                 Fire           0%         3d3       100%        8
 Maxwell's Capacitive Co  Air            0%         ∞         100%        8
 Call Canine Familiar     Summ           Unusable   N/A       N/A         3
 Simulacrum               Ice/Necr       Unusable   N/A       N/A         6

Dungeon Overview and Level Annotations

Branches:
Dungeon (10/15)            Temple (1/1) D:5             Orc (2/2) D:10
    Elf (0/3) Orc:2
   Lair: D:8-11

Altars:
Ashenzari
Cheibriados
Dithmenos
Elyvilon
Fedhas
Gozag
Hepliaklqana
Kikubaaqudgha
Makhleb
Nemelex Xobeh
Okawaru
Qazlal
Ru
Sif Muna
Trog
Uskayaw
Vehumet
Wu Jian
Xom
Yredelemnul
Zin
The Shining One

Shops:
D:5 (   D:10 [


Innate Abilities, Weirdness & Mutations

You have a pair of horns on your head.
You reflexively headbutt those who attack you in melee.


Message History

You gain the combat prowess of a mighty hero.
The orc warrior no longer looks unusually strong.
The orc warrior hits you from afar with a +0 glaive!!
The orc knight hits you with a +0 long sword.
An orc warrior comes into view. It is wielding a +0 halberd.
You slash the orc knight!
You headbutt the orc knight, but do no damage.
The orc knight is moderately wounded.
The orc knight closely misses you. You block the orc warrior's attack.
An orc comes into view. It is wielding a +0 flail.
You closely miss the orc knight.
The orc knight is moderately wounded.
The orc shouts!
You hear a shout! x2
The orc no longer looks unusually strong.
The orc knight hits you with a +0 great sword!!
The orc warrior hits you from afar with a +0 glaive!
You are too injured to fight recklessly!
You are too injured to fight recklessly!
You are too injured to fight recklessly!
You barely miss the orc knight. You headbutt the orc knight!
The orc knight is heavily wounded.
The orc no longer looks unusually strong.
The orc knight roars a battlecry!
The orcs go into a battle-frenzy!
The orc warrior hits you but does no damage.
You slash the orc knight!
The orc knight is severely wounded.
You slash the orc knight! Your headbutt misses the orc knight.
The orc knight is almost dead.
The orc knight closely misses you. You furiously retaliate!
You headbutt the orc knight, but do no damage.
The orc warrior hits you from afar with a +0 glaive!!
* * * LOW HITPOINT WARNING * * *
You slash the orc knight!
You kill the orc knight!
Okawaru accepts your kill. The orc warrior misses you.
You block the orc knight's attack.
The orc warrior hits you with a +0 glaive!!
You die...

##.. # #.# #..# # #.
#o# ..# #..####
###.###.#######..#
#...)#. ......... ...
...# #...)).
......o.# #.#
#..##+###....).
.⌠..oo..# #.#
#............#.
.....o.)# #o# #.#
#+###...###
#.###o###.# #..##
#ooooo@.))# #..#
#.###o###)# #..# #.#
#.# #.# #..#
#.###.###.#######..#
...................#
...................#
#####################


You could see an orc knight (strong), 4 orc warriors and 3 orcs.

Vanquished Creatures
  A two-headed ogre (D:8)
  Erica (D:9)
  An orc high priest (Orc:1)
  2 orc knights (Orc:2)
  2 trolls
  3 shadows (D:10)
  2 wyverns
  A vampire (D:9)
  A human (D:8)
  8 yaks
  2 steam dragons
  12 wargs
  18 orc warriors
  An ice beast (D:8)
  2 black bears
  9 ogres
  2 centaurs
  2 phantoms
  2 kobold brigands
  A gnoll sergeant (D:7)
  2 necrophages
  5 bullfrogs
  5 scorpions
  4 wights (D:9)
  5 killer bees (D:9)
  3 troll zombies (D:10)
  6 howler monkeys
  12 orc priests
  3 hounds
  A jelly (D:5)
  Crazy Yiuf (D:7)
  A gnoll bouda (D:8)
  2 iguanas
  14 orc wizards
  5 ogre zombies (D:10)
  5 adders
  15 gnolls
  A white imp (D:7)
  2 worms (D:4)
  2 dart slugs
  67 orcs
  5 endoplasms
  3 giant cockroaches (D:1)
  8 goblins
  9 hobgoblins
  23 kobolds
  3 quokkas
  3 ball pythons
  5 bats
  3 frilled lizards
  3 goblin skeletons (D:10)
  5 goblin zombies (D:10)
  2 hobgoblin skeletons (D:10)
  4 hobgoblin zombies (D:10)
  A jackal skeleton (D:8)
  3 orc skeletons (D:10)
  8 orc zombies (D:10)
  7 rats
329 creatures vanquished.

Vanquished Creatures (others)
  An orc (D:9)
  A fungus (D:1)
  A plant (D:1)
3 creatures vanquished.

Grand Total: 332 creatures vanquished

Notes
Turn   | Place    | Note
-------+----------+-------------------------------------------
     0 | D:1      | Bloodgem the Minotaur Fighter began the quest for the Orb.
     0 | D:1      | Reached XP level 1. HP: 19/19 MP: 0/0
   126 | D:1      | Reached XP level 2. HP: 21/27 MP: 1/1
   211 | D:1      | Found a faded altar of an unknown god.
   223 | D:1      | Got the Enchiridion on Algid Kindling
   602 | D:1      | Reached XP level 3. HP: 33/33 MP: 2/2
   919 | D:2      | Reached XP level 4. HP: 5/41 MP: 3/3
  1945 | D:3      | Reached XP level 5. HP: 35/47 MP: 4/4
  2050 | D:3      | Identified the +3 chain mail "Zuruesew" {rC+ Will+ SInv}
  2367 | D:3      | Noticed an ogre
  2371 | D:3      | Killed an ogre
  2372 | D:3      | Reached skill level 5 in Fighting
  2372 | D:3      | Reached skill level 5 in Armour
  2372 | D:3      | Reached skill level 5 in Shields
  2372 | D:3      | Reached XP level 6. HP: 30/56 MP: 5/5
  2891 | D:4      | Reached XP level 7. HP: 62/62 MP: 6/6
  2900 | D:4      | Reached skill level 5 in Axes
  3436 | D:5      | Entered Level 5 of the Dungeon
  3512 | D:5      | Found a staircase to the Ecumenical Temple.
  3550 | Temple   | Entered the Ecumenical Temple
  4114 | D:5      | Reached XP level 8. HP: 57/71 MP: 7/7
  4452 | D:5      | Found Jehaosk's Weapon Boutique.
  4576 | D:6      | Found a white marble altar of Elyvilon.
  5051 | D:7      | You fall into a shaft and drop 1 floor!
  5072 | D:8      | Reached XP level 9. HP: 81/81 MP: 8/8
  5087 | D:7      | Found an iron altar of Okawaru.
  5096 | D:7      | Became a worshipper of Warmaster Okawaru
  5360 | D:7      | Found a runed translucent door.
  5361 | D:7      | Noticed Crazy Yiuf
  5485 | D:7      | Killed Crazy Yiuf
  6005 | D:8      | Found an opulent altar of Gozag.
  6005 | D:8      | Found a glowing golden altar of the Shining One.
  6087 | D:8      | Noticed a two-headed ogre
  6092 | D:8      | Killed a two-headed ogre
  6092 | D:8      | Reached * piety under Okawaru
  6248 | D:8      | Found a runed translucent door.
  6253 | D:8      | Found a basalt altar of Yredelemnul.
  6476 | D:9      | Reached ** piety under Okawaru
  6477 | D:9      | Reached XP level 10. HP: 89/91 MP: 9/9
  6706 | D:9      | Reached *** piety under Okawaru
  6761 | D:9      | Noticed Erica
  6764 | D:9      | Reached skill level 10 in Fighting
  6764 | D:9      | Reached skill level 10 in Armour
  6784 | D:9      | Killed Erica
  6785 | D:9      | Reached skill level 10 in Shields
  6786 | D:9      | Reached **** piety under Okawaru
  7159 | D:10     | Entered Level 10 of the Dungeon
  7224 | D:10     | Reached skill level 10 in Axes
  7227 | D:10     | Found a staircase to the Orcish Mines.
  7349 | D:10     | Found Dutzelur's Armour Shoppe.
  7919 | Orc:1    | Entered Level 1 of the Orcish Mines
  7981 | D:10     | Reached ***** piety under Okawaru
  7982 | D:10     | Reached XP level 11. HP: 99/101 MP: 10/10
  8239 | Orc:1    | Noticed an orc high priest
  8254 | Orc:1    | Killed an orc high priest
  8255 | Orc:1    | Received a gift from Okawaru
  8544 | Orc:1    | You fall into a shaft and drop 1 floor!
  8544 | Orc:2    | Entered Level 2 of the Orcish Mines
  8549 | Orc:2    | Found a staircase to the Elven Halls.
  9197 | Orc:2    | Received a gift from Okawaru
  9254 | Orc:2    | Noticed an orc knight
  9267 | Orc:2    | Killed an orc knight
  9362 | Orc:2    | Noticed an orc knight
  9362 | Orc:2    | Noticed an orc knight
  9385 | Orc:2    | Killed an orc knight
  9386 | Orc:2    | Slain by an orc warrior

Illustrated notes

Levels and vault maps discovered:
D:1:      minmay_arrival_plants_in_alcoves, layout_loops_ring,
          shapermc_ecumenical_altar_acropolis
D:2:      layout_rooms
D:3:      layout_basic, grunt_ministairs_8, minmay_quadrilaterals
D:4:      cheibrodos_thug_alley, layout_basic
D:5:      layout_loops_corners, minmay_temple_entry_stoned_glass, serial_shops,
          shop
D:6:      layout_rooms, elyvilon_altar_1
D:7:      layout_loops_ring, okawaru_ov_weapons_minmay, kennysheep_donut,
          minmay_misc_feat_five, minmay_misc_feat_room, uniq_crazy_yiuf_cottage
D:8:      layout_rooms, nicolae_overflow_two_pavilions, dk_yredelemnul_ordeal
D:9:      layout_irregular_city, chequers_jeans, uniq_erica
D:10:     layout_roguey, zombieorc2_lemuel, serial_shops,
          nicolae_shop_statue_plus, chequers_avenue
Temple:   nicolae_temple_bog_church
Orc:1:    cheibrodos_orc_guarddog, layout_caves
Orc:2:    st_orc_town, layout_diamond_mine

Skill      XL: |  1  2  3  4  5  6  7  8  9 10 11 |
---------------+----------------------------------+-----
Fighting       | 4 5 6 8 9 10 11 | 11.9
Armour         | 4 5 6 8 9 10 11 | 11.9
Shields        | 4 5 6 7 9 10 11 | 11.9
Axes           | 3 4 6 7 8 10 11 | 11.5

Action                   |  1- 3 |  4- 6 |  7- 9 | 10-12 || total
-------------------------+-------+-------+-------+-------++-------
Melee: War axe           |    60 |    79 |   229 |   330 ||   698
       Headbutt          |     7 |    13 |    52 |    77 ||   149
Invok: Heroism           |       |       |       |     2 ||     2
Armor: Scale mail        |    22 |       |       |       ||    22
       Leather armour    |     8 |    16 |       |       ||    24
       Chain mail        |       |    25 |   151 |   210 ||   386
Dodge: Dodged            |    22 |    31 |    88 |   141 ||   282
Block: Buckler           |    11 |    28 |    67 |   117 ||   223
